 Dungeon Crawl Stone Soup version 0.25-b1-46-gb8a1ec05df (webtiles) character file.

Game seed: 17038781052506931148

50 Descartes the Grasshopper (level 3, -1/16 HPs)
             Began as a Felid Warper on June 9, 2020.
             Slain by a worm (10 damage)
             ... on level 2 of the Dungeon.
             The game lasted 00:02:42 (2141 turns).

Descartes the Grasshopper (Felid Warper)            Turns: 2141, Time: 00:02:44

Health: -1/16      AC:  1    Str:  8    XL:     3   Next: 55%
Magic:  7/7        EV: 19    Int: 14    God:
Gold:   38         SH:  0    Dex: 15    Spells: 2/6 levels left
                                        Lives:  0   Deaths: 0

rFire    + . .     SeeInvis +     - Unarmed
rCold    x . .     Gourm    .   (shield unavailable)
rNeg     . . .     Faith    .   (armour unavailable)
rPois    .         Spirit   .   (helmet unavailable)
rElec    .         Reflect  .   (cloak unavailable)
rCorr    .         Harm     .   (gloves unavailable)
MR       .....                  (boots unavailable)
Stlth    +++.......             (no amulet)
HPRegen  0.05/turn              k - ring of fire
MPRegen  0.10/turn              (no ring)

@: quick
A: very small, no armour, no weapons or thrown items, stealth, claws 1, fangs 3,
see invisible, carnivore, speed 1, shaggy fur 1, slow metabolism 1, sharp paws
a: no special abilities


You were on level 2 of the Dungeon.
You were completely stuffed.

You visited 1 branch of the dungeon, and saw 2 of its levels.

You collected 38 gold pieces.

Inventory:

Missiles
 f - 96 stones
Jewellery
 k - a ring of fire (left paw)
Scrolls
 a - a scroll of immolation {unknown}
 b - a scroll of blinking
 i - 2 scrolls of remove curse {unknown}
 j - 2 scrolls of random uselessness {unknown}
 l - a scroll of enchant armour {unknown}
 m - 3 scrolls of teleportation {unknown}
 o - a scroll of noise {unknown}
Potions
 d - a potion of invisibility {unknown}
 e - a potion of lignification {unknown}
 g - a potion of cancellation {unknown}
 h - a potion of brilliance {unknown}
 n - a potion of mutation {unknown}
 q - a potion of flight {unknown}
 r - a potion of might {unknown}
Comestibles
 c - 3 rations


   Skills:
 - Level 2.0 Fighting
 + Level 3.8 Dodging
 * Level 2.8 Stealth
 * Level 2.9 Unarmed Combat
 - Level 2.0 Spellcasting
 - Level 4.4 Translocations


You had 2 spell levels left.
You knew the following spells:

 Your Spells              Type           Power        Failure   Level  Hunger
a - Blink                 Tloc           N/A          6%          2    ###....
b - Shroud of Golubria    Chrm/Tloc      #.....       14%         2    ###....

Your spell library contained the following spells:

 Spells                   Type           Power        Failure   Level  Hunger
 Gell's Gravitas          Tloc           ##........   12%         3    ####...
 Lesser Beckoning         Tloc           ##........   12%         3    ####...
 Teleport Other           Tloc           ##......     12%         3    ####...
 Passage of Golubria      Tloc           N/A          36%         4    #####..


Dungeon Overview and Level Annotations

Branches:
Dungeon (2/15)

Altars:
Elyvilon
Vehumet


Innate Abilities, Weirdness & Mutations

You cannot wear armour.
You are incapable of wielding weapons or throwing items.
Your paws allow you to move quietly. (Stealth)
You have sharp claws.
You have razor-sharp teeth.
You have supernaturally acute eyesight. (SInv)
You are carnivorous and can eat meat at any time.
You cover ground quickly.
You are covered in fur. (AC +1)
You have a slow metabolism.
Your sharp claws are effective at attacking unaware monsters.


Message History

The helpless bat fails to defend itself.
You claw the bat!
You kill the bat!
No target in view!
The worm is too close now for your liking.
The worm bites you.
You barely miss the worm. You scratch the worm.
The worm is lightly wounded.
The worm bites you.
You claw the worm!
The worm is heavily wounded.
You completely miss the worm.
The worm is heavily wounded.
The worm bites you.
You scratch the worm. You claw the worm, but do no damage.
The worm is severely wounded.
The worm bites you!
Ouch! That really hurt!
You die...

.#.# .....#.# .#.#
#.###...#.# .#.# #.#
#...#.# .#.# #.#
#...#.# .#.# #.#
...#w# .#.#
####.#####.#.## .#..
..!......w....# .#
####.#####.#### .#
#.....@w#.# )# ##
#.#.###.#.# .# #..
#.#.......# [# #...
#...#####.#
.#####....##........#
.....#........#######
.....#....##.##
.....#### #.#
.#...####.##.#


You could see a worm.

Vanquished Creatures
  An ooze (D:1)
  A worm (D:2)
  2 leopard geckos
  4 bats
  2 giant cockroaches (D:1)
  7 goblins
  5 hobgoblins
  4 jackals (D:1)
  A frilled lizard (D:1)
  4 kobolds (D:1)
  4 rats
35 creatures vanquished.

Notes
Turn   | Place    | Note
-------+----------+-------------------------------------------
     0 | D:1      | Descartes the Felid Warper began the quest for the Orb.
     0 | D:1      | Reached XP level 1. HP: 9/9 MP: 4/4
    87 | D:1      | Reached skill level 1 in Stealth
   135 | D:1      | Reached XP level 2. HP: 13/13 MP: 6/6
   455 | D:1      | Reached XP level 3. HP: 4/16 MP: 7/7
   796 | D:1      | Learned a level 2 spell: Blink
   799 | D:1      | Learned a level 2 spell: Shroud of Golubria
  1283 | D:2      | Found a radiant altar of Vehumet.
  1775 | D:2      | Found a white marble altar of Elyvilon.
  2141 | D:2      | Slain by a worm

Illustrated notes

Levels and vault maps discovered:
D:1:      ebering_hopf_link, layout_loops_ring
D:2:      layout_basic, fiery_altar_vehumet, elyvilon_altar_3

Skill      XL: |  1  2 |
---------------+-------+-----
Stealth        | 1 2 |  2.8
Fighting       | |  2.0
Dodging        | |  3.8
Unarmed Combat | |  2.9
Spellcasting   | |  2.0
Translocations | |  4.4

Action                   || total
-------------------------++-------
Melee: Unarmed           ||   108
       Bite              ||     6
       Punch             ||     2
 Stab: Sleeping          ||    10
       Distracted        ||     1
  Eat: Chunk             ||    10
Armor: Skin              ||     6
Dodge: Dodged            ||    75
